 Dungeon Crawl Stone Soup version 0.28-a0-983-g1de4e0787c (webtiles) character file.

Game seed: 16965071609143787024

793 Essalna the Stinger (level 7, -1/46 HPs)
             Began as a Demonspawn Venom Mage on Dec 3, 2021.
             Was an Initiate of Vehumet.
             Slain by Duvessa (14 damage)
             ... on level 4 of the Dungeon.
             The game lasted 00:15:27 (6370 turns).

Essalna the Stinger (Demonspawn Venom Mage)         Turns: 6370, Time: 00:15:27

Health: -1/46      AC:  9    Str:  8    XL:     7   Next: 57%
Magic:  6/14       EV: 20    Int: 19    God:    Vehumet [......]
Gold:   221        SH:  0    Dex: 13    Spells: 12/15 levels left

rFire   . . .      SeeInvis .   b - +0 dagger (protect)
rCold   + . .      Faith    .   (no shield)
rNeg    . . .      Spirit   .   i - +2 robe {rC+}
rPois   .          Reflect  .   k - +1 hat
rElec   .          Harm     .   (no cloak)
rCorr   .          Rampage  .   (no gloves)
Will    .....                   n - +1 pair of boots
Stlth   +.........              (no amulet)
HPRegen 0.15/turn               q - +4 ring of evasion
MPRegen 0.14/turn               r - +4 ring of evasion

@: silenced
A: thin metallic scales 1, powered by death 1, spiny 1, weakness stinger 1
a: Renounce Religion


You were on level 4 of the Dungeon.
You worshipped Vehumet.
Vehumet was noncommittal.
You visited 2 branches of the dungeon, and saw 7 of its levels.

You collected 221 gold pieces.

Inventory:

Hand Weapons
 b - a +0 dagger of protection (weapon)
 g - a +1 dagger of venom
Armour
 a - a +0 robe
 i - a +2 robe of cold resistance (worn)
 k - a +1 hat (worn)
 n - a +1 pair of boots (worn)
Magical Staves
 j - a staff of air
Jewellery
 q - a +4 ring of evasion (left hand)
 r - a +4 ring of evasion (right hand)
Wands
 l - a wand of polymorph (10)
Scrolls
 m - a scroll of identify
 t - 3 scrolls of teleportation {unknown}
Potions
 c - a potion of flight
 d - 2 potions of curing {unknown}
 f - 3 potions of heal wounds {unknown}
 h - a potion of brilliance {unknown}
 o - 2 potions of degeneration {unknown}
 p - a potion of lignification {unknown}


   Skills:
 - Level 1.7 Dodging
 - Level 1.7 Stealth
 + Level 4.9 Spellcasting
 - Level 1.1 Transmutations
 + Level 4.1 Air Magic
 + Level 5.7 Poison Magic


You had 12 spell levels left.
You knew the following spells:

 Your Spells              Type           Power      Damage    Failure   Level
a - Sting                 Tmut/Pois      68%        1d6       3%          1
b - Poisonous Vapours     Pois/Air       46%        N/A       2%          2

Your spell library contained the following spells:

 Spells                   Type           Power      Damage    Failure   Level
 Mephitic Cloud           Conj/Pois/Air  17%        N/A       10%         3
 Olgreb's Toxic Radiance  Pois           26%        N/A       12%         4
 Slow                     Hex            16%        N/A       13%         1
 Confusing Touch          Hex            4%         N/A       36%         3
 Yara's Violent Unravell  Hex/Tmut       3%         3d4       95%         5


Dungeon Overview and Level Annotations

Branches:
Dungeon (6/15)             Temple (1/1) D:4

Altars:
Ashenzari
Cheibriados
Dithmenos
Elyvilon
Gozag
Hepliaklqana
Makhleb
Nemelex Xobeh
Okawaru
Qazlal
Ru
Sif Muna
Trog
Uskayaw
Vehumet
Yredelemnul
Zin
The Shining One

Shops:
D:6 *

Annotations:
D:4 Duvessa


Innate Abilities, Weirdness & Mutations

You are partially covered in thin metallic scales. (AC +2)
You regenerate a little health from kills.
You are partially covered in sharp spines.
You have a small tail.


Message History

There is a stone staircase leading down here.
You hear a shout!
You hear a shout!
You hear a shout!
You hear a shout!
You hear a shout!
You hear a shout!
You see here 24 arrows.
You hear a shout! x2
You hear a shout!
You hear a shout!
You hear a shout!
You hear a shout!
You hear a shout!
You hear a shout!
You hear a shout!
Duvessa is nearby!
Poisonous vapours surround Duvessa!
Duvessa is poisoned.
Poisonous vapours surround Duvessa!
Duvessa looks as sick as possible!
You miscast Poisonous Vapours.
You are very lightly contaminated with residual magic.
Nothing appears to happen.
Duvessa is struck by your spines.
Duvessa hits you with a +1 short sword of speed.
Poisonous vapours surround Duvessa!
Duvessa looks as sick as possible!
Duvessa is struck by your spines. Duvessa misses you.
Duvessa is struck by your spines. Duvessa misses you.
Poisonous vapours surround Duvessa!
Duvessa looks as sick as possible!
Duvessa hits you with a +1 short sword of speed!
Duvessa is struck by your spines.
Duvessa hits you with a +1 short sword of speed!!
* * * LOW HITPOINT WARNING * * *
You are too injured to fight recklessly!
Blink to where?
Press: ? - help, Dir - move target, p - Duvessa
As you read the scroll of blinking, it crumbles to dust.
Your magical contamination has completely faded away.
As you read the scroll labelled ZISAOLIMNOA, it crumbles to dust.
A profound silence engulfs you.
It was a scroll of silence.
Duvessa hits you with a +1 short sword of speed!
You die...

#################
##########...............#
..........Z..............#
##..#####.#####e..######.# ##
###.#####.###...@...####.####..
.....##..........<.........##.#
####Z.#.#.###.......####.#.##.#
#.(##.#.#.####....######.#.##.#
lZSJ#..)........... .)...#.##.#
D!$S#...#.####...###
#..#)##.### ##...#.# #####
#.......... ####....#.#
#..#.##.### #....#..#.#
#..........


You could see Duvessa (berserk, very poisoned).

Vanquished Creatures
  Sigmund (D:2)
  2 centaurs (D:6)
  A phantom (D:4)
  A scorpion (D:5)
  Dowan (D:4)
  A jelly (D:4)
  Natasha (thrice) (D:2)
  4 gnolls (D:3)
  A howler monkey skeleton (D:6)
  5 adders
  A worm (D:2)
  A dart slug (D:2)
  7 orcs
  3 ball pythons
  7 bats
  10 endoplasms
  5 giant cockroaches
  5 goblins
  7 hobgoblins
  3 quokkas
  5 frilled lizards
  10 kobolds
  7 rats
91 creatures vanquished.

Vanquished Creatures (others)
  A plant (D:1)
1 creature vanquished.

Grand Total: 92 creatures vanquished

Notes
Turn   | Place    | Note
-------+----------+-------------------------------------------
     0 | D:1      | Essalna the Demonspawn Venom Mage began the quest for the
                  | Orb.
     0 | D:1      | Reached XP level 1. HP: 13/13 MP: 3/3
    46 | D:1      | Reached skill level 1 in Transmutations
   372 | D:1      | Gained mutation: You are partially covered in thin metallic
                  | scales. (AC +2) [demonic ancestry]
   372 | D:1      | Reached XP level 2. HP: 19/19 MP: 5/5
   663 | D:1      | Learned a level 2 spell: Poisonous Vapours
  1335 | D:1      | Found a faded altar of an unknown god.
  1386 | D:1      | Reached XP level 3. HP: 24/24 MP: 6/6
  1843 | D:2      | Reached skill level 1 in Air Magic
  1921 | D:2      | Noticed Sigmund
  1942 | D:2      | Killed Sigmund
  1943 | D:2      | Reached skill level 4 in Poison Magic
  1943 | D:2      | Gained mutation: You are partially covered in sharp spines.
                  | [demonic ancestry]
  1943 | D:2      | Reached XP level 4. HP: 24/30 MP: 0/9
  1943 | D:2      | Gained mutation: You have a small tail. [demonic ancestry]
  1943 | D:2      | Reached XP level 5. HP: 29/35 MP: 0/10
  2128 | D:2      | Noticed Natasha
  2135 | D:2      | Killed Natasha
  2150 | D:2      | Noticed Natasha
  2159 | D:2      | Killed Natasha
  2290 | D:2      | Noticed Natasha
  2299 | D:2      | Killed Natasha
  2300 | D:2      | Gained mutation: You regenerate a little health from kills.
                  | [demonic ancestry]
  2300 | D:2      | Reached XP level 6. HP: 37/41 MP: 1/11
  4693 | D:4      | Reached skill level 5 in Poison Magic
  4782 | D:4      | Noticed Dowan
  4795 | D:4      | Killed Dowan
  4802 | D:4      | Noticed Duvessa
  4806 | D:5      | Entered Level 5 of the Dungeon
  4832 | D:5      | Reached XP level 7. HP: 32/46 MP: 0/13
  5335 | D:6      | Found Lorampa's Elemental Accessories.
  5369 | D:6      | Noticed a steam dragon
  5659 | D:4      | Found a staircase to the Ecumenical Temple.
  5668 | Temple   | Entered the Ecumenical Temple
  5891 | Temple   | Became a worshipper of Vehumet
  6184 | D:4      | Noticed a steam dragon
  6370 | D:4      | Slain by Duvessa

Illustrated notes

Levels and vault maps discovered:
D:1:      psy_arrival_conway, layout_rooms, shapermc_ecumenical_altar_notcrosses
D:2:      layout_basic, serial_park_tiny_1, uniq_natasha, uniq_sigmund
D:3:      layout_rooms
D:4:      layout_loops_ring, minmay_temple_entry_nine_rooms,
          minmay_joined_circles, uniq_duvessa
D:5:      layout_rooms, kennysheep_generic_room_12, uniq_menkaure,
          uniq_blork_the_orc
D:6:      layout_cave_pools, gup_sewer_entry_glass, nicolae_elemental_shop
Temple:   dpeg_five_rooms_temple

Skill      XL: |  1  2  3  4  5  6  7 |
---------------+----------------------+-----
Transmutations | 1 |  1.1
Air Magic      | 2 3 4 |  4.1
Spellcasting   | 3 4 |  4.9
Poison Magic   | 4 5 |  5.7
Dodging        | |  1.7
Stealth        | |  1.7

Action                   |  1- 3 |  4- 6 |  7- 9 || total
-------------------------+-------+-------+-------++-------
Melee: Dagger            |    76 |     6 |    19 ||   101
       Unarmed           |     1 |     4 |       ||     5
       Staff             |       |    27 |     6 ||    33
       Tailslap          |       |     4 |     3 ||     7
 Cast: Sting             |    67 |    15 |     3 ||    85
       Poisonous Vapours |     4 |    89 |    21 ||   114
  Use: Scroll            |       |     4 |     4 ||     8
 Stab: Sleeping          |     3 |     2 |       ||     5
Armor: Robe              |    33 |    12 |     5 ||    50
       Skin              |       |     1 |       ||     1
Dodge: Dodged            |    63 |    17 |    36 ||   116

Table legend: (Time is in decaauts)
 A = Elapsed time spent in this place.
 B = Non-inter-level travel time spent in this place.
 C = Inter-level travel time spent in this place.
 D = Time resting spent in this place.
 E = Time spent auto-exploring this place.
 F = Levels seen in this place.
 G = Mean time per level.
                   A        B        C        D        E       F      G
               +--------+--------+--------+--------+--------+-----+--------+
         Total |   6382 |   6085 |    297 |    148 |   5056 |   7 |  911.7 |
       Dungeon |   6127 |   5905 |    222 |    148 |   4889 |   6 | 1021.2 |
        Temple |    254 |    179 |     75 |      0 |    167 |   1 |  254.0 |
               +--------+--------+--------+--------+--------+-----+--------+

Top non-repeatable levels by time:
     D:1: 1504 daAuts
     D:2: 1502 daAuts
     D:3: 1357 daAuts
     D:4: 1180 daAuts
     D:6: 325 daAuts
     D:5: 256 daAuts
  Temple: 254 daAuts
